 Dungeon Crawl Stone Soup version bcrawl-1.19.1 (webtiles) character file.

Game seed: 1847848480089389092

93 Revguard the Ducker (level 4, 0/33 HPs)
             Began as a Human Archaeologist on Nov 26, 2019.
             Succumbed to Crazy Yiuf's poison
             ... on level 2 of the Dungeon.
             The game lasted 00:05:41 (2348 turns).

Revguard the Ducker (Human Archaeologist)           Turns: 2348, Time: 00:05:41

Health: 0/33       AC:  7    Str: 17 (18) XL:     4   Next: 92%
Magic:  4/5        EV: 15    Int: 14 (15) God:
Gold:   104        SH:  8    Dex: 14 (17) Spells: 3/3 levels left

rFire    . . .     SeeInvis .   v - +0 hand axe
rCold    . . .     Gourm    .   c - +1 shield
rNeg     . . .     Faith    .   m - +0 ring mail
rPois    .         Spirit   .   (helmet restricted)
rElec    .         Reflect  .   (no cloak)
rCorr    .         Harm     .   (no gloves)
MR       .....     Rnd*Rage +   d - +1 pair of boots
Stlth    +++.......             (no amulet)
HPRegen  0.11/turn              (no ring)
MPRegen  0.09/turn              (no ring)

@: mighty, agile, lethally poisoned (0 -> -2), very slightly contaminated,
studying Fighting, invisible
A: horns 1, talons 1, berserk 1, strong 1
a: no special abilities


You were on level 2 of the Dungeon.
You were hungry.

You visited 1 branch of the dungeon, and saw 2 of its levels.

You collected 104 gold pieces.

Inventory:

Hand Weapons
 a - a +0 whip
 v - a +0 hand axe (weapon)
Missiles
 b - 112 tomahawks (quivered)
 i - a throwing net {!f}
Armour
 c - a +1 shield (worn)
 d - a +1 pair of boots (worn)
 j - a +0 cloak
 m - a +0 ring mail (worn)
 r - a +0 helmet
Scrolls
 n - a scroll of teleportation
 p - a scroll of remove curse
Potions
 h - a potion of flight
Books
 e - a manual of Fighting
Miscellaneous
 f - an ancient crate
Comestibles
 g - 5 rations {!d}


   Skills:
 * Level 2.2 Fighting
 + Level 0.1(1.2) Axes
 + Level 2.0 Maces & Flails
 + Level 1.8 Armour
 + Level 4.3 Dodging
 - Level 3.6 Stealth
 + Level 0.1 Shields
 * Level 1.4 Evocations


You had 3 spell levels left.
You didn't know any spells.
Your spell library was empty.

Dungeon Overview and Level Annotations

Branches:
Dungeon (2/12)

Altars:


Innate Abilities, Weirdness & Mutations

You have a pair of small horns on your head.
You have sharp toenails.
You tend to lose your temper in combat.
Your muscles are strong. (Str +2)


Message History

It was a potion of degeneration.
There was something very wrong with that liquid.
You feel weakened.
You feel dopey.
You feel clumsy.
* * * LOW HITPOINT WARNING * * *
You feel sick. You block Crazy Yiuf's attack.
You hit Crazy Yiuf.
You kill Crazy Yiuf!
You feel your strength returning.
Your Fighting skill increases to level 2!
Your Maces & Flails skill increases to level 2!
You aren't carrying any pieces of jewellery.
There is an open door, spattered with blood here.
Things that are here:
a +3 quarterstaff of chaos; a +0 cloak
j - a +0 cloak
* * * LOW HITPOINT WARNING * * *
You feel sick.
Wear which item? (? for menu, Esc to quit)
You start putting on your armour.
You continue putting on your +0 cloak. x3
You die...

.....♣.P...#
#....#
#...........
♣....♣.....#
♣....♣
####.#.###.#
#####♣♣.♣♣##
♣♣...♣
####.#.#.... ♣#
###### ♣♣.♣♣
#......###.# .#
#...# ♣♣.♣
####.#...... ♣#
#...# ♣.♣♣
#.#..##.# .#
###...# ♣♣.♣
####'#..##.# ##
#.....# ♣.♣♣
#.......##..
######.....# #@#
#...........
.....'.....#
#...#
#.......##..
######.....#
#...#
#...........
##.........#
#)..#
######..##..
############
##### ##.##.. #
#.##.. # #####
#.##.#
#############...#
##.##.#
................#
###### #.....#


There were no monsters in sight!

Vanquished Creatures
  Crazy Yiuf (D:2)
  An adder (D:2)
  An ooze (D:2)
  2 dart slugs (D:1)
  A leopard gecko (D:1)
  3 bats
  7 giant cockroaches
  2 goblins
  4 hobgoblins (D:1)
  4 jackals (D:1)
  3 ball pythons (D:1)
  4 frilled lizards
  9 kobolds
  4 rats (D:1)
46 creatures vanquished.

Notes
Turn   | Place    | Note
-------+----------+-------------------------------------------
     0 | D:1      | Revguard the Human Archaeologist began the quest for the
                  | Orb.
     0 | D:1      | Reached XP level 1. HP: 15/15 MP: 1/1
   147 | D:1      | Reached XP level 2. HP: 14/21 MP: 2/2
   373 | D:1      | Reached skill level 1 in Armour
   420 | D:1      | Reached skill level 4 in Dodging
   430 | D:1      | Reached XP level 3. HP: 16/26 MP: 3/3
  1075 | D:1      | Reached skill level 1 in Evocations
  1384 | D:2      | Reached XP level 4. HP: 28/33 MP: 4/4
  1589 | D:2      | Found a runed door.
  2322 | D:2      | Noticed Crazy Yiuf
  2337 | D:2      | Gained mutation: Your muscles are strong. (Str +2) [potion
                  | of mutation]
  2337 | D:2      | Gained mutation: You have sharp toenails. [potion of
                  | mutation]
  2337 | D:2      | Gained mutation: You tend to lose your temper in combat.
                  | [potion of mutation]
  2337 | D:2      | Gained mutation: You have a pair of small horns on your
                  | head. [potion of mutation]
  2342 | D:2      | Killed Crazy Yiuf
  2344 | D:2      | HP: 1/33 [poisoned by Crazy Yiuf]
  2348 | D:2      | Succumbed to Crazy Yiuf's poison

Skill      XL: |  1  2  3  4 |
---------------+-------------+-----
Armour         | 1 |  1.8
Dodging        | 4 |  4.3
Evocations     | 1 |  1.4
Fighting       | 2 |  2.2
Maces & Flails | 2 |  2.0
Axes           | |  0.1
Stealth        | |  3.6
Shields        | |  0.1

Action                   |  1- 3 |  4- 6 || total
-------------------------+-------+-------++-------
Melee: Whip              |   168 |    23 ||   191
       Hand axe          |       |    28 ||    28
Throw: Tomahawk          |       |     2 ||     2
  Use: Scroll            |       |     5 ||     5
       Potion            |       |     5 ||     5
 Stab: Sleeping          |     3 |       ||     3
  Eat: Chunk             |     1 |     3 ||     4
Armor: Robe              |    36 |       ||    36
       Ring mail         |    25 |    16 ||    41
Dodge: Dodged            |   110 |    24 ||   134
Block: Shield            |       |    21 ||    21
